 Dungeon Crawl Stone Soup version 0.30.1-9-gdf580d7c3d (webtiles) character file.

Game seed: 14394872331541689625

65374 STOCKSandBONDS the Severer (level 14, 0/202 HPs)
             Began as a Minotaur Berserker on Oct 3, 2023.
             Was a High Priest of Trog.
             Splashed by an acid blob's acid (9 damage)
             ... on level 11 of the Dungeon.
             The game lasted 00:28:50 (19258 turns).

STOCKSandBONDS the Severer (Minotaur Berserker)    Turns: 19258, Time: 00:28:51

Health: 0/202      AC: 12    Str: 27    XL:     14   Next: 75%
Magic:  13/13      EV: 21    Int: 12    God:    Trog [*****.]
Gold:   1293       SH:  0    Dex: 19    Spells: 13/13 levels left

rFire   + . .        K - +4 broad axe
rCold   . . .        (no shield)
rNeg    . . .        A - +6 chain mail of Protective Custody {Contam rElec Will+ Dex+3}
rPois   +            a - +1 hat
rElec   +            R - +0 cloak of Foolhardiness {rF+ Str+2 Int+3}
rCorr   .            L - +0 pair of gloves
SInv    .            J - +2 pair of boots
Will    +++..        y - amulet of Fuaj {Acrobat rElec rPois Int+3} Stlth
                     h - +5 ring of evasion
HPRegen 0.53/turn    m - ring of the Puckish God {rPois Will+ Int+2 Dex+4 Stlth-}
MPRegen 0.13/turn

%: acrobat
@: berserking, corroded, studying Long Blades, very quick
A: horns 2, retaliatory headbutt
a: Renounce Religion, Berserk, Trog's Hand, Brothers in Arms


You were on level 11 of the Dungeon.
You worshipped Trog.
Trog was extremely pleased with you.
You visited 2 branches of the dungeon, and saw 17 of its levels.
You also visited: Sewer, Gauntlet and Volcano.

You collected 1840 gold pieces.
You spent 547 gold pieces at shops.

Inventory:

Hand Weapons
 t - a +3 executioner's axe of flaming
 K - a +4 broad axe (weapon)
Armour
 a - a +1 hat (worn)
 A - the +6 chain mail of Protective Custody (worn) {Contam rElec Will+ Dex+3}
   (You found it on level 5 of the Dungeon)

   Dex:       It affects your dexterity (+3).
   rElec:     It insulates you from electricity.
   Contam:    It causes magical contamination when unequipped.
   Will:      It increases your willpower.
 J - a +2 pair of boots (worn)
 L - a +0 pair of gloves (worn)
 R - the +0 cloak of Foolhardiness (worn) {rF+ Str+2 Int+3}
   (You found it in a Gauntlet)

   Str:       It affects your strength (+2).
   Int:       It affects your intelligence (+3).
   rF:        It protects you from fire.
Jewellery
 h - a +5 ring of evasion (left hand)
 m - the ring of the Puckish God (right hand) {rPois Will+ Int+2 Dex+4 Stlth-}
   (You found it in a Gauntlet)

   [ring of willpower]

   Int:       It affects your intelligence (+2).
   Dex:       It affects your dexterity (+4).
   rPois:     It protects you from poison.
   Will:      It increases your willpower.
   Stlth:     It makes you less stealthy.
 y - the amulet of Fuaj (around neck) {Acrobat rElec rPois Int+3}
   (You acquired it on level 8 of the Dungeon)

   [amulet of the acrobat]

   It increases your evasion while moving and waiting.
   Int:       It affects your intelligence (+3).
   rElec:     It insulates you from electricity.
   rPois:     It protects you from poison.
 U - an amulet of guardian spirit
Wands
 i - a wand of acid (4)
 s - a wand of polymorph (16)
 v - a wand of mindburst (8)
 C - a wand of iceblast (27)
 D - a wand of digging (5)
 H - a wand of paralysis (5)
 N - a wand of flame (30)
Scrolls
 c - a scroll of enchant armour
 e - a scroll of poison
 g - 7 scrolls of fog
 j - 2 scrolls of fear
 n - 2 scrolls of brand weapon
 p - 11 scrolls of teleportation
 u - 7 scrolls of identify
 z - 4 scrolls of blinking
 B - 2 scrolls of silence
 E - 2 scrolls of magic mapping
 G - 2 scrolls of vulnerability
 I - 2 scrolls of enchant weapon
 O - 3 scrolls of noise
 S - 2 scrolls of immolation
Potions
 b - 5 potions of might
 d - 14 potions of curing
 f - 2 potions of attraction
 k - 2 potions of invisibility
 l - 3 potions of haste
 o - 3 potions of brilliance
 q - 6 potions of heal wounds
 r - 2 potions of magic
 w - 2 potions of cancellation
 x - 4 potions of lignification
 F - 3 potions of flight
 Q - 4 potions of mutation
 T - a potion of degeneration {unknown}
Miscellaneous
 M - a lightning rod (4/4)
 P - a phantom mirror


   Skills:
 * Level 15.3 Fighting
 * Level 16.8 Axes
 * Level 16.1 Armour
 + Level 11.0 Dodging
 - Level 0.3 Stealth
 + Level 8.7 Evocations


You had 13 spell levels left.
You didn't know any spells.
Your spell library was empty.

Dungeon Overview and Level Annotations

Branches:
Dungeon (12/15)            Temple (0/1) D:5            Lair (5/5) D:8
  Swamp (0/4) Lair:2       Spider (0/4) Lair:3        Slime (0/5) Lair:5
    Orc (0/2) D:12          Sewer (visited)         Volcano (visited)
Gauntlet (visited)

Altars:
Dithmenos
Elyvilon
Fedhas
Gozag
Kikubaaqudgha
Makhleb
Qazlal
Sif Muna
Trog
Uskayaw
Yredelemnul
The Shining One
Jiyva

Shops:
D:5 :   D:6 ?   D:8 (:=   D:9 *   D:10 [   D:11 :

Annotations:
D:12 Zonian's ghost, journeyman DEIE


Innate Abilities, Weirdness & Mutations

You have a pair of horns on your head.
You reflexively headbutt those who attack you in melee.


Message History

* * * LOW HITPOINT WARNING * * *
The acid blob closely misses you.
You slash the acid blob!
You feel the power of Trog in you as your rage grows.
You kill the acid blob!
Trog accepts your kill.
You hit the acid blob.
Your hands burn!
* * * LOW HITPOINT WARNING * * *
The acid blob jiggles.
The acid blob closely misses you.
Your Dodging skill increases to level 11!
You completely miss the acid blob.
You headbutt the acid blob, but do no damage.
The acid blob is lightly wounded.
Unknown command.
You slash the acid blob! The acid corrodes you!
Your hands burn!
* * * LOW HITPOINT WARNING * * *
The acid blob is moderately wounded.
The acid blob spits acid at you. The splash of acid hits you!
* * * LOW HITPOINT WARNING * * *
You hit the acid blob.
Your hands burn!
* * * LOW HITPOINT WARNING * * *
You headbutt the acid blob!
The acid blob is moderately wounded.
Unknown command.
You hit the acid blob.
Your hands burn!
* * * LOW HITPOINT WARNING * * *
Your headbutt misses the acid blob.
The acid blob is moderately wounded.
The acid blob jiggles.
The acid blob hits you but does no damage.
You hit the acid blob.
Your hands burn!
* * * LOW HITPOINT WARNING * * *
You headbutt the acid blob, but do no damage.
The acid blob is heavily wounded.
The acid blob hits you!
* * * LOW HITPOINT WARNING * * *
You are splashed with acid!
You die...

#####################
#...@................
#....J.##............
#......##..........##
#......##............
#.............(......
#..........^.........
#....................
#....................
#....................


You could see an acid blob.

Vanquished Creatures
  An acid blob (D:11)
  A minotaur (Gauntlet)
  Snorg (Lair:3)
  A hell beast (Gauntlet)
  5 hydras
  Erica (Lair:2)
  3 catoblepae (Lair:5)
  3 two-headed ogres
  11 death yaks
  A hell hog (Gauntlet)
  Urug (D:11)
  Sonja (Lair:3)
  Amaemon (Lair:2)
  A hell knight (Volcano)
  A fire crab (Lair:5)
  An orb spider (Lair:3)
  An orc knight (D:11)
  2 deep elf pyromancers (Volcano)
  A wizard (Gauntlet)
  An oklob plant (Lair:1)
  2 manticores (Lair:5)
  2 salamanders (Volcano)
  19 elephants
  2 ugly things
  3 cyclopes (Volcano)
  Maurice (D:11)
  5 black mambas
  Joseph (D:7)
  3 molten gargoyles (Volcano)
  9 cane toads
  2 torpor snails
  An orange demon (Lair:2)
  4 gargoyles (Volcano)
  3 rime drakes
  6 komodo dragons
  4 trolls
  3 polar bears
  3 hornets
  4 blink frogs (Lair:4)
  The ghost of Rem the Insei, an amateur OpTm (D:5)
  14 dream sheep
  A shadow (D:10)
  5 wyverns
  3 fire bats (Gauntlet)
  A vampire (D:11)
  35 yaks
  A wraith (D:12)
  Grum (D:9)
  Eustachio (D:6)
  7 basilisks
  2 steam dragons
  A warg (D:12)
  2 acid dragons
  13 water moccasins
  2 hell hounds (Gauntlet)
  7 orc warriors
  3 ice beasts
  A sky beast (D:7)
  3 ogres
  7 wolves
  2 black bears
  5 centaurs
  A phantom (D:5)
  3 kobold brigands
  12 bullfrogs
  A gnoll sergeant (D:7)
  5 scorpions
  7 wights
  11 killer bees
  An electric eel (D:8)
  A howler monkey (D:5)
  2 quasits (D:8)
  4 orc priests
  3 hounds
  Crazy Yiuf (D:2)
  7 jellies
  A sleepcap (D:7)
  Jessica (D:2)
  7 iguanas
  Ijyb (D:3)
  5 orc wizards
  10 adders
  3 river rats (Sewer)
  5 white imps
  3 ufetubi (D:8)
  4 worms
  6 dart slugs
  21 orcs
  9 ball pythons
  3 bat zombies (D:5)
  5 endoplasms
  4 giant cockroaches
  5 goblins
  5 hobgoblins
  8 jackals
  A quokka (D:1)
  4 bats
  3 frilled lizards
  27 kobolds
  28 rats
  A rat zombie (D:5)
463 creatures vanquished.

Notes
Turn   | Place    | Note
-------+----------+-------------------------------------------
     0 | D:1      | STOCKSandBONDS the Minotaur Berserker began the quest for
                  | the Orb.
     0 | D:1      | Reached XP level 1. HP: 19/19 MP: 0/0
   249 | D:1      | Reached XP level 2. HP: 27/27 MP: 1/1
   674 | D:1      | Found a faded altar of an unknown god.
   986 | D:1      | Reached XP level 3. HP: 29/33 MP: 2/2
  1292 | D:2      | Reached skill level 5 in Axes
  1319 | D:2      | Noticed Jessica
  1323 | D:2      | Killed Jessica
  1323 | D:2      | Reached ** piety under Trog
  1324 | D:2      | Reached XP level 4. HP: 37/40 MP: 3/3
  1667 | D:2      | Found a runed translucent door.
  1668 | D:2      | Noticed Crazy Yiuf
  1892 | D:2      | Killed Crazy Yiuf
  1893 | D:2      | Reached XP level 5. HP: 45/46 MP: 4/4
  2145 | D:3      | Found a glowing drain.
  2168 | Sewer    | Entered a sewer
  2495 | Sewer    | Reached *** piety under Trog
  2510 | Sewer    | Reached XP level 6. HP: 48/53 MP: 5/5
  2782 | D:3      | Found a burning altar of Makhleb.
  2869 | D:3      | Noticed Ijyb
  2873 | D:3      | Killed Ijyb
  3377 | D:4      | Reached skill level 5 in Fighting
  4152 | D:4      | Reached skill level 5 in Armour
  4152 | D:4      | Reached XP level 7. HP: 61/61 MP: 6/6
  4442 | D:5      | Entered Level 5 of the Dungeon
  4451 | D:5      | Reached skill level 1 in Evocations
  4516 | D:5      | Found a runed translucent door.
  4517 | D:5      | Noticed Rem's ghost (amateur OpTm)
  4519 | D:5      | Found Weapseuzu's Book Emporium.
  4545 | D:5      | Killed Rem's ghost
  4547 | D:5      | Identified the +6 chain mail of Protective Custody {Contam
                  | rElec Will+ Dex+3}
  4713 | D:5      | Found a staircase to the Ecumenical Temple.
  4750 | D:5      | Reached XP level 8. HP: 70/70 MP: 7/7
  4989 | D:5      | Found an ancient bone altar of Kikubaaqudgha.
  5053 | D:5      | Reached **** piety under Trog
  5246 | D:6      | Noticed Eustachio
  5467 | D:6      | Killed Eustachio
  5468 | D:6      | Reached skill level 5 in Dodging
  5524 | D:6      | Found Werghori's Magic Scroll Emporium.
  5533 | D:6      | Bought a scroll of identify for 28 gold pieces
  5533 | D:6      | Bought a scroll of identify for 28 gold pieces
  5533 | D:6      | Bought a scroll of identify for 28 gold pieces
  5533 | D:6      | Bought a scroll of magic mapping for 105 gold pieces
  5533 | D:6      | Bought a scroll of silence for 133 gold pieces
  5539 | D:6      | Reached skill level 10 in Armour
  5539 | D:6      | Reached XP level 9. HP: 81/81 MP: 8/8
  6144 | D:6      | Reached XP level 10. HP: 88/90 MP: 9/9
  6157 | D:6      | Found an opulent altar of Gozag.
  6624 | D:7      | Reached skill level 5 in Evocations
  6680 | D:7      | Noticed Joseph
  6695 | D:7      | Killed Joseph
  7345 | D:8      | Found Owuo's Jewellery Shop.
  7376 | D:8      | Found a staircase to the Lair.
  7486 | D:8      | Found Tauc's Antique Weapon Emporium.
  7486 | D:8      | Found Ufyas's Book Shoppe.
  7548 | D:8      | Found a glowing golden altar of the Shining One.
  7790 | D:8      | Found a shadowy altar of Dithmenos.
  7849 | D:8      | Found a stormy altar of Qazlal.
  7929 | D:8      | Found a shimmering blue altar of Sif Muna.
  8102 | D:8      | Identified a scroll of acquirement
  8105 | D:8      | Acquired the amulet of Fuaj {Acrobat rElec rPois Int+3}
  8533 | D:9      | Found a basalt altar of Yredelemnul.
  8556 | D:9      | Found a bloodstained altar of Trog.
  8628 | D:9      | Identified the +1 ring mail of Caijeb {rC- rN+++ Str-2
                  | Int+8}
  8763 | D:9      | Noticed Grum
  8770 | D:9      | Killed Grum
  8943 | D:9      | Found Refic's Overcharged Wands.
  9105 | D:9      | Reached XP level 11. HP: 99/99 MP: 10/10
  9254 | D:10     | Entered Level 10 of the Dungeon
  9263 | D:10     | Reached ***** piety under Trog
  9298 | D:10     | Reached skill level 10 in Fighting
  9535 | D:10     | Found a blossoming altar of Fedhas.
  9619 | D:10     | Noticed a two-headed ogre
  9623 | D:10     | Killed a two-headed ogre
  9807 | D:10     | Found a hide-covered altar of Uskayaw.
  9817 | D:10     | Found Jutsotz's Antique Armour Boutique.
  9825 | D:10     | Bought a pair of runed boots for 225 gold pieces
 10244 | D:11     | Noticed Urug
 10254 | D:11     | Killed Urug
 10373 | D:11     | Found a bloodstained altar of Trog.
 10558 | D:11     | Noticed a red ugly thing
 10566 | D:11     | Killed a red ugly thing
 10590 | D:11     | Noticed Maurice
 10610 | D:11     | Killed Maurice
 10826 | D:11     | Found Pypus's Book Shoppe.
 10862 | D:11     | Noticed an orc knight
 10874 | D:11     | Killed an orc knight
 11237 | D:12     | Noticed a two-headed ogre
 11243 | D:12     | Killed a two-headed ogre
 11256 | D:12     | Noticed a brown ugly thing
 11266 | D:12     | Killed a brown ugly thing
 11362 | D:12     | Noticed a two-headed ogre
 11368 | D:12     | Killed a two-headed ogre
 11388 | D:12     | Found a staircase to the Orcish Mines.
 11737 | Lair:1   | Entered Level 1 of the Lair of Beasts
 11737 | Lair:1   | Noticed an oklob plant
 11755 | Lair:1   | Killed an oklob plant
 11756 | Lair:1   | Reached XP level 12. HP: 58/110 MP: 11/11
 11836 | Lair:1   | Found a dark tunnel.
 11842 | Volcano  | Entered a volcano
 11964 | Volcano  | Noticed an orb of fire
 11982 | Volcano  | Identified the +2 helmet of Recklessness {rCorr}
 12027 | Volcano  | Noticed an orb of fire
 12172 | Lair:1   | Found a gate leading to a gauntlet.
 12182 | Gauntlet | Entered a Gauntlet
 12182 | Gauntlet | Found a transporter.
 12182 | Gauntlet | Found a transporter.
 12200 | Gauntlet | Found a transporter.
 12200 | Gauntlet | Found a transporter.
 12209 | Gauntlet | Found a transporter.
 12217 | Gauntlet | Noticed a seven-headed hydra
 12223 | Gauntlet | Noticed a balrug
 12228 | Gauntlet | Found a transporter.
 12238 | Gauntlet | Found a transporter.
 12238 | Gauntlet | Found a transporter.
 12239 | Gauntlet | Noticed a green death
 12242 | Gauntlet | Noticed a hell hog
 12262 | Gauntlet | Found a transporter.
 12269 | Gauntlet | Found a transporter.
 12281 | Gauntlet | Found a transporter.
 12299 | Gauntlet | Found a transporter.
 12305 | Gauntlet | Noticed a hell beast
 12344 | Gauntlet | Found a transporter.
 12358 | Gauntlet | Found a transporter.
 12458 | Gauntlet | Found a transporter.
 12472 | Gauntlet | Found a transporter.
 12625 | Gauntlet | Identified the +0 cloak of Foolhardiness {rF+ Str+2 Int+3}
 12669 | Gauntlet | Killed a hell beast
 12680 | Gauntlet | Identified the ring of the Puckish God {rPois Will+ Int+2
                  | Dex+4 Stlth-}
 12786 | Gauntlet | Killed a hell hog
 12889 | Gauntlet | Noticed a minotaur
 12896 | Gauntlet | Killed a minotaur
 13652 | Lair:2   | Received a gift from Trog
 13657 | Lair:2   | Reached XP level 13. HP: 113/119 MP: 12/12
 13762 | Lair:2   | Noticed Amaemon
 13771 | Lair:2   | Killed Amaemon
 13830 | Lair:2   | Found a staircase to the Swamp.
 13852 | Lair:2   | Noticed Erica
 13877 | Lair:2   | Killed Erica
 14322 | Lair:3   | Reached skill level 15 in Axes
 14353 | Lair:3   | Found a white marble altar of Elyvilon.
 15074 | Lair:3   | Found a hole to the Spider Nest.
 15076 | Lair:3   | Noticed Sonja
 15146 | Lair:3   | Killed Sonja
 15254 | Lair:3   | Noticed Snorg
 15265 | Lair:3   | Killed Snorg
 15642 | Lair:4   | Reached skill level 10 in Dodging
 16489 | Lair:5   | Entered Level 5 of the Lair of Beasts
 16501 | Lair:5   | Reached skill level 15 in Armour
 16982 | Lair:5   | Received a gift from Trog
 16988 | Lair:5   | Reached XP level 14. HP: 112/132 MP: 13/13
 17424 | Lair:5   | Found a runed translucent door.
 17424 | Lair:5   | Found a viscous altar of Jiyva.
 17425 | Lair:5   | Found a staircase to the Slime Pits.
 17917 | Lair:5   | Reached skill level 15 in Fighting
 17982 | Lair:5   | Identified the +3 rapier "Citsel" {flame, rC+ Str+7}
 18913 | Lair:5   | Received a gift from Trog
 19148 | D:12     | Noticed an azure jelly
 19148 | D:12     | Noticed an azure jelly
 19148 | D:12     | Found a runed translucent gate.
 19148 | D:12     | Found a runed translucent gate.
 19149 | D:12     | Found a runed translucent gate.
 19236 | D:12     | Noticed an acid blob
 19237 | D:12     | Noticed a quicksilver ooze
 19237 | D:12     | Noticed an acid blob
 19237 | D:12     | Noticed Zonian's ghost (journeyman DEIE)
 19237 | D:12     | Noticed an acid blob
 19237 | D:12     | Noticed an acid blob
 19237 | D:12     | Noticed an azure jelly
 19238 | D:12     | Noticed an acid blob
 19242 | D:12     | Found a viscous altar of Jiyva.
 19253 | D:11     | Killed an acid blob
 19258 | D:11     | HP: 9/202 [acid blob (9)]
 19258 | D:11     | Splashed by an acid blob's acid

Illustrated notes

Levels and vault maps discovered:
D:1:      psy_arrival_fountain, layout_basic, chequers_ecumenical_altar_grove,
          grunt_decor_resistance, minmay_misc_feat_four_crosses,
          roderic_cross_of_infinity, nicolae_figureground_pulse
D:2:      layout_basic, chequers_serial_rivers_micro_a, uniq_jessica,
          uniq_crazy_yiuf_cottage
D:3:      layout_loops_ring, lightli_temple_of_fire,
          cheibrodos_sewer_entry_bend, uniq_ijyb
D:4:      layout_loops_corners, minmay_manual_monstrance
D:5:      layout_cave_pools, lemuel_zombie_altar_kikubaaqudgha, temple_pool_b,
          gammafunk_ghost_grave, serial_shops, shop
D:6:      layout_rooms, mainiacjoe_overflow_24_doors, serial_shops, shop,
          uniq_eustachio
D:7:      layout_loops_ring, minmay_chambers_of_fives, uniq_joseph
D:8:      layout_cave_pools, kennysheep_orc_sif_temple, tso_altar,
          marbit_many_paths, mainiacjoe_overflow_concentric_impassable,
          hellmonk_lair_entry_icy, serial_demonic, serial_demonic_e,
          serial_demonic_f, serial_demonic_g, serial_demonic_d,
          serial_demonic_f, serial_demonic_b, serial_demonic_c,
          nicolae_wooded_promenade
D:9:      layout_loops_corners, mainiacjoe_overflow_six_doors_small,
          mainiacjoe_overflow_brackets, kennysheep_path_1,
          nicolae_shop_overcharged_wands, uniq_grum
D:10:     layout_stronghold, mainiacjoe_overflow_chevrons,
          fedhas_bush_and_centaur_altar, serial_shops, shop_statue
D:11:     layout_stronghold, serial_shops, nicolae_shop_peninsula,
          trog_butcher_becter, uniq_urug, uniq_maurice
D:12:     layout_roguey, david_orc_1_choice, gammafunk_ghost_ooze
Lair:1:   layout_concentric_octagons, nicolae_volcano_entry_lava_flow,
          gauntlet_entry_generic, dpeg_stationary_puzzle
Lair:2:   layout_misc_corridors, minmay_swamp_entry_reptiles, uniq_erica,
          uniq_amaemon
Lair:3:   layout_regular_city, nicolae_spider_entry_orb_guardian, basic_altar,
          serial_bayou_lagoon_a, kennysheep_basilisk_garden, grunt_megastairs_3,
          uniq_snorg, uniq_sonja
Lair:4:   statuecave_lemuel, layout_cave_pods
Lair:5:   evilmike_catoblepas_cave, layout_gridlike, slime_entry_2,
          lemuel_fruit_tree, grunt_megastairs_2

Skill      XL: |  1  2  3  4  5  6  7  8  9 10 11 12 13 14 |
---------------+-------------------------------------------+-----
Axes           | 4 5 6 7 11 12 13 14 15 16 | 16.8
Fighting       | 4 5 8 9 11 12 14 15 | 15.3
Armour         | 3 4 5 6 10 11 12 13 15 16 | 16.1
Dodging        | 3 4 6 7 8 9 10 11 | 11.0
Evocations     | 1 4 5 6 7 8 |  8.7
Stealth        | |  0.3

Action                     |  1- 3 |  4- 6 |  7- 9 | 10-12 | 13-15 || total
---------------------------+-------+-------+-------+-------+-------++-------
  Melee: Hand axe          |    74 |    35 |       |       |       ||   109
         Headbutt          |     8 |    19 |    18 |   109 |   130 ||   284
         Quarterstaff      |       |   113 |   110 |    45 |       ||   268
         War axe           |       |       |       |   227 |       ||   227
         Broad axe         |       |       |       |   188 |   456 ||   644
         Punch             |       |       |       |     4 |     8 ||    12
 Invoke: Berserk           |     1 |     1 |     1 |     5 |     5 ||    13
         Trog's Hand       |       |       |       |     4 |     1 ||     5
  Evoke: Wand              |       |       |       |       |     1 ||     1
    Use: Scroll            |       |    14 |     8 |     6 |     3 ||    31
         Potion            |       |       |     1 |     2 |       ||     3
   Stab: Sleeping          |     1 |       |       |       |       ||     1
         Paralysed         |       |       |       |       |     2 ||     2
 Armour: Animal skin       |     3 |       |       |       |       ||     3
         Plate armour      |     7 |   101 |     6 |       |       ||   114
         Chain mail        |       |       |    53 |   183 |   280 ||   516
  Dodge: Dodged            |    46 |    99 |   116 |   447 |   546 ||  1254
